AoeStats
← Striker081488

Hideout

509772617Analyzed
1v1 RM · 3d ago on Sep 28, 2026· 26m 56s· 2 players
Game mode
Random Map
Map size
Tiny (2 player)
Population
200
Speed
Normal
Resources
Standard
Victory
Conquest
Starting age
Dark Age
Ending age
Imperial Age
RankedLock teamsTeams togetherTeam positionsShared explorationLock speedFull tech treeHidden civsTurbo modeCheats
Victory
Defeat
🇲🇽 Varangians · Mexico
496
+12
🇧🇷 Franks · Brazil
412
-12
Striker081488
10:48 Feudal Age
11:32 Double-Bit Axe
13:10 Wheelbarrow
12:24 Man-at-Arms
23:45 Castle Age
23:11 Gold Mining
24:31 Long Swordsman
25:14 Husbandry
24:35 Light Cavalry
27:43 Hand Cart
alfaasesores2000
5:02 Loom
10:50 Feudal Age
16:56 Castle Age
15:43 Double-Bit Axe
15:42 Horse Collar
16:20 Stone Mining
18:43 Husbandry
20:12 Bloodlines
26:17 Forging
Connection lost

Rejoining the realm…

Still unreachable

The connection could not be restored.

Session expired

The server has moved on; the page needs a fresh start.